 Dungeon Crawl Stone Soup version 0.20.1-1-g8b1a95d (webtiles) character file.

5133 Knicklaso the Covert (level 10, -2/63 HPs)
             Began as a Kobold Hunter on July 30, 2017.
             Was a Believer of Yredelemnul.
             Slain by cba's ghost (3 damage)
             ... on level 1 of the Lair of Beasts.
             The game lasted 00:43:02 (10434 turns).

Knicklaso the Covert (Kobold Hunter)               Turns: 10434, Time: 00:43:03

Health: -2/63      AC:  5    Str: 10    XL:     10   Next: 88%
Magic:  14/14      EV: 18    Int: 13    God:    Yredelemnul [**....]
Gold:   460        SH:  0    Dex: 18    Spells: 9/9 levels left

rFire    . . .     SeeInvis +   t - +4 short sword
rCold    . . .     Gourm    .   (shield restricted)
rNeg     . . .     Faith    .   q - +2 leather armour {MR+}
rPois    .         Spirit   .   (no helmet)
rElec    .         Reflect  .   (no cloak)
rCorr    .         Harm     .   (no gloves)
MR       ++...                  (no boots)
Stlth    ++++......             (no amulet)
Regen    0.2/turn               v - ring of protection from magic
MPRegen  0.2/turn               C - ring of see invisible

@: lethally poisoned (-2 -> -16), flying, heavily drained
A: carnivore 3
a: Animate Remains, Recall Undead Slaves, Injury Mirror, Renounce Religion


You were on level 1 of the Lair of Beasts.
You worshipped Yredelemnul.
Yredelemnul was pleased with you.
You were near starving.

You visited 2 branches of the dungeon, and saw 9 of its levels.
You also visited: Sewer.

You collected 460 gold pieces.

Inventory:

Hand Weapons
 a - a +1 hand crossbow
 t - a +4 short sword (weapon)
 H - the +7 morningstar "Gazeedd" {flame, *Drain rPois Int+3}
   (You found it on level 9 of the Dungeon)

   It has been specially enchanted to burn those struck by it, causing extra
   injury to most foes and up to half again as much damage against particularly
   susceptible opponents.
   It affects your intelligence (+3).
   It protects you from poison.
   It causes draining when unequipped.
Missiles
 d - 94 bolts
Armour
 q - a +2 leather armour of magic resistance (worn)
 w - a +0 troll leather armour
Jewellery
 v - a ring of protection from magic (left hand)
 C - a ring of see invisible (right hand)
Wands
 c - a wand of lightning (7/15)
 r - a wand of flame (43/48)
 E - a wand of iceblast (0/15)
 G - a wand of scattershot (6/9)
 I - a wand of paralysis (13/24)
Scrolls
 b - a scroll of enchant weapon
 g - a scroll of random uselessness
 i - 10 scrolls of identify
 j - 3 scrolls of amnesia
 k - 2 scrolls of enchant armour
 m - a scroll of remove curse
 o - a scroll of recharging
 x - 2 scrolls of blinking {unknown}
 B - a scroll of magic mapping
Potions
 n - a potion of magic
 p - 2 potions of might
 s - 2 potions of ambrosia
 z - a potion of mutation {unknown}
 A - a potion of resistance {unknown}
Books
 F - a book of Transfigurations

   Spells                             Type                      Level
   a - Irradiate                      Conjuration/Transmutation    5
   b - Statue Form                    Transmutation/Earth          6
   c - Hydra Form                     Transmutation                6
   d - Dragon Form                    Transmutation                7
Comestibles
 f - 2 meat rations
 l - 14 royal jellies


   Skills:
 + Level 7.0(5.3) Fighting
 + Level 8.3(6.5) Short Blades
 - Level 8.3(6.5) Crossbows
 - Level 0.8(0.0) Armour
 + Level 7.9(6.2) Dodging
 + Level 8.9(7.1) Stealth
 + Level 5.1(3.5) Invocations
 + Level 5.4(3.8) Evocations


You had 9 spell levels left.
You didn't know any spells.

Dungeon Overview and Level Annotations

Branches:
Dungeon (9/15)             Temple (0/1) D:5            Lair (1/6) D:9
    Orc: D:9-12

Altars:
Ashenzari
Cheibriados
Dithmenos
Elyvilon
Fedhas
Gozag
Nemelex Xobeh
Qazlal
Trog
Uskayaw
Xom
Yredelemnul
The Shining One

Annotations:
Lair:1 cba's ghost, journeyman SpAs


Innate Abilities, Weirdness & Mutations

You are small and have problems with some larger weapons.
You are carnivorous and can eat meat at any time.


Message History

You feel sick.
It was a potion of curing.
You feel better. Cba's ghost hits you.
* * * LOW HITPOINT WARNING * * *
You are lethally poisoned!
You feel very buoyant.
You fly up into the air.
* * * LOW HITPOINT WARNING * * *
You feel sick. Cba's ghost hits you.
* * * LOW HITPOINT WARNING * * *
You are more poisoned.
* * * LOW HITPOINT WARNING * * *
You feel sick. Cba's ghost misses you.
* * * LOW HITPOINT WARNING * * *
You feel sick.
* * * LOW HITPOINT WARNING * * *
You feel sick.
* * * LOW HITPOINT WARNING * * *
You feel sick. Cba's ghost hits you.
You die...
Your body rises from the dead as a mindless zombie.

...........###......#
.(.### ..........
###....# ##(.#
...........### #....#
#...
..............##....#
P.(..
P..........##..#....#
#..#.
.....#....##........#
#..#.#
.....#........##...##
.....#.....#####W..###
.............§..@....#
...........§..§......#
.....#.#..#.≈≈§§§≈...#
..<.........≈≈#§§≈...#
............≈####≈...#
............≈# ≈...#
............≈# ≈...#
............≈# ≈§§.#
............≈≈


You could see cba's ghost.

Vanquished Creatures
  A two-headed ogre (D:8)
  The ghost of Knicklaso the Cudgeler, an amateur OgWr (D:4)
  2 trolls (D:9)
  A hornet (D:9)
  A hippogriff (Lair:1)
  Sigmund (D:5)
  An eye of draining (D:8)
  2 phantoms
  3 ogres
  4 centaurs
  3 crocodiles
  A big kobold (D:9)
  2 bullfrogs (D:8)
  A gnoll sergeant (D:9)
  A scorpion (D:6)
  A wight (D:8)
  A centaur zombie (D:6)
  2 crimson imps
  2 bullfrog zombies (D:9)
  10 hounds
  5 jellies
  5 bullfrog skeletons
  An orc priest (D:8)
  2 orc wizards
  2 iguanas
  Ijyb (D:3)
  Terence (D:3)
  4 worker ants
  A hound zombie (D:8)
  A worker ant zombie (D:5)
  11 gnolls
  20 adders
  2 shadow imps
  3 oozes (D:9)
  An adder skeleton (D:5)
  2 worms
  2 dart slugs
  8 leopard geckos
  13 orcs
  6 giant cockroaches
  11 hobgoblins
  9 jackals
  15 kobolds
  2 quokkas
  6 ball pythons
  6 bats
  11 frilled lizards
  6 goblins
  A quokka zombie (D:5)
  7 rats
206 creatures vanquished.

Vanquished Creatures (collateral kills)
  A molten gargoyle (D:9)
  A wyvern (D:9)
  A necrophage (D:9)
  2 wights (D:8)
  2 jellies (D:9)
  A worker ant (D:8)
  2 oozes (D:9)
  An orc (D:9)
11 creatures vanquished.

Vanquished Creatures (others)
  An orc zombie (D:8)
1 creature vanquished.

Grand Total: 218 creatures vanquished

Notes
Turn   | Place    | Note
-------+----------+-------------------------------------------
     0 | D:1      | Knicklaso the Kobold Hunter began the quest for the Orb.
     0 | D:1      | Reached XP level 1. HP: 12/12 MP: 1/1
    14 | D:1      | Reached skill level 5 in Crossbows
    64 | D:1      | Reached XP level 2. HP: 17/17 MP: 2/2
   230 | D:1      | Reached XP level 3. HP: 21/21 MP: 3/3
   574 | D:2      | Reached XP level 4. HP: 9/27 MP: 4/4
   985 | D:2      | Found a stormy altar of Qazlal.
  1150 | D:2      | Found a hide-covered altar of Uskayaw.
  1592 | D:2      | Reached XP level 5. HP: 28/31 MP: 5/5
  1773 | D:3      | Noticed Ijyb
  1777 | D:3      | Killed Ijyb
  1803 | D:3      | Noticed Terence
  1810 | D:3      | Killed Terence
  1810 | D:3      | Reached XP level 6. HP: 32/36 MP: 6/6
  2260 | D:3      | Reached skill level 1 in Short Blades
  2343 | D:3      | Found a snail-covered altar of Cheibriados.
  2343 | D:3      | Found a shadowy altar of Dithmenos.
  2348 | D:3      | Found a shattered altar of Ashenzari.
  2350 | D:3      | Found a faded altar of an unknown god.
  2351 | D:3      | Found a faded altar of an unknown god.
  2433 | D:3      | Found a shimmering altar of Xom.
  2661 | D:4      | Noticed Knicklaso's ghost (amateur OgWr)
  2735 | D:4      | Killed Knicklaso's ghost
  2735 | D:4      | Reached XP level 7. HP: 8/41 MP: 7/7
  3534 | D:4      | Found a basalt altar of Yredelemnul.
  3537 | D:4      | Became a worshipper of Yredelemnul the Dark
  3908 | D:5      | Entered Level 5 of the Dungeon
  3936 | D:5      | Noticed Sigmund
  3949 | D:5      | Killed Sigmund
  3949 | D:5      | Reached XP level 8. HP: 43/48 MP: 8/8
  4156 | D:5      | Found a glowing drain.
  4191 | Sewer    | Entered a sewer
  4763 | D:5      | Found a bloodstained altar of Trog.
  4774 | D:5      | Reached * piety under Yredelemnul
  4841 | D:5      | Found a staircase to the Ecumenical Temple.
  5144 | D:5      | Reached skill level 5 in Dodging
  5360 | D:6      | Reached skill level 5 in Stealth
  5555 | D:6      | Reached skill level 5 in Short Blades
  5898 | D:6      | Reached skill level 5 in Fighting
  5913 | D:6      | Reached skill level 1 in Evocations
  6046 | D:6      | Reached skill level 1 in Invocations
  6046 | D:6      | Reached XP level 9. HP: 53/54 MP: 10/10
  6205 | D:6      | You fall through a shaft for 3 floors!
  6206 | D:9      | Noticed a troll
  6210 | D:8      | Noticed a two-headed ogre
  6919 | D:8      | Found an opulent altar of Gozag.
  6982 | D:8      | HP: 2/55 [two-headed ogre/giant spiked club (19)]
  7353 | D:8      | Killed a two-headed ogre
  7372 | D:8      | Reached XP level 10. HP: 44/60 MP: 11/13
  7891 | D:9      | Reached ** piety under Yredelemnul
  9008 | D:9      | Reached skill level 5 in Evocations
  9038 | D:9      | HP: 1/61 [centaur (6)]
  9401 | D:9      | Got a shimmering morningstar
  9427 | D:9      | Found a staircase to the Lair.
  9623 | D:9      | Found a glowing golden altar of the Shining One.
  9628 | D:9      | Found a blossoming altar of Fedhas.
  9632 | D:9      | Found a white marble altar of Elyvilon.
  9633 | D:9      | Found a sparkling altar of Nemelex Xobeh.
  9670 | D:9      | Reached skill level 5 in Invocations
  9983 | Lair:1   | Entered Level 1 of the Lair of Beasts
 10003 | Lair:1   | Noticed a molten gargoyle
 10025 | D:9      | Killed a molten gargoyle
 10329 | Lair:1   | Identified the +7 morningstar "Gazeedd" {flame, *Drain rPois Int+3} (You found it on level 9 of the Dungeon)
 10407 | Lair:1   | Noticed cba's ghost (journeyman SpAs)
 10433 | Lair:1   | HP: 3/63 [poisoned by cba's ghost]
 10434 | Lair:1   | HP: 1/63 [poisoned by cba's ghost]
 10434 | Lair:1   | Slain by cba's ghost

Skill      XL: |  1  2  3  4  5  6  7  8  9 10 |
---------------+-------------------------------+-----
Crossbows      | 5 6 7 8 |  8.3
Short Blades   | 2 3 5 6 8 |  8.3
Fighting       | 3 4 5 6 7 |  7.0
Dodging        | 3 4 5 6 7 |  7.9
Stealth        | 3 4 5 7 8 |  8.9
Evocations     | 1 4 5 |  5.4
Invocations    | 1 3 5 |  5.1
Armour         | |  0.8

Action                   |  1- 3 |  4- 6 |  7- 9 | 10-12 || total
-------------------------+-------+-------+-------+-------++-------
Melee: Short sword       |    10 |    92 |   290 |   188 ||   580
 Fire: Hand crossbow     |    54 |   105 |    96 |    48 ||   303
Invok: Animate Remains   |       |       |     1 |     2 ||     3
       Recall Undead Sla |       |       |       |     1 ||     1
Evoke: Wand              |       |       |     6 |       ||     6
  Use: Scroll            |       |     5 |    12 |     4 ||    21
       Potion            |       |       |       |     5 ||     5
 Stab: Sleeping          |       |       |     6 |    16 ||    22
       Distracted        |       |       |     1 |     2 ||     3
  Eat: Chunk             |       |     6 |    19 |     5 ||    30
Armor: Leather armour    |     1 |    20 |    54 |    31 ||   106
Dodge: Dodged            |    22 |    67 |   225 |   174 ||   488
